[ AOE2 MATCH · #507364015 ]
UnrankedMongols vs Mongols
Player's team · WIN
Rival team · LOSS
[ REPLAY ANALYSIS · EXTRACTED FROM THE RECORDED GAME ]
Feudal
8:26
Castle
24:04
Imperial
—
| APM avg | 51.5 |
| APM peak | 84 |
| eAPM avg | 24.7 |
| Villagers / military | 79 / 42 |
Focus
⚔️ 37.2% · 🌾 62.8%
Steppe Lancer ×20 · Mangudai ×12 · Scout Cavalry ×10
Feudal
9:11
Castle
22:51
Imperial
—
| APM avg | 50.2 |
| APM peak | 151 |
| eAPM avg | 20.3 |
| Villagers / military | 81 / 44 |
Focus
⚔️ 38.4% · 🌾 61.6%
Archer ×24 · Spearman ×10 · Militia ×7 · Monk ×3
Match map
Initial resources + every placement click. Lines = walls · curves = elevation contours. ◆ gold · ⬟ stone · ● berries · ✦ relic · ◌ wall gap
Your base· ✓ Closed at 24:04 · 57t walls · 1 gate(s)
DS_Rene Lavand's base· Open — unwalled flank
Smoothed initial terrain · ◌ = detected wall gap · hover for details
Inputs per minute
— Rododino - - DS_Rene Lavand
Build order — Rododino
First 150 of 201 actions detected
| 0:01 | Queue | Villager (Male) |
| 0:01 | Queue | Villager (Male) |
| 0:02 | Build | House |
| 0:03 | Build | House |
| 0:19 | Queue | Villager (Male) |
| 0:20 | Queue | Villager (Male) |
| 1:27 | Queue | Villager (Male) |
| 2:03 | Build | Lumber Camp |
| 2:04 | Queue | Villager (Male) |
| 2:16 | Queue | Villager (Male) |
| 2:16 | Queue | Villager (Male) |
| 2:50 | Queue | Villager (Male) |
| 2:51 | Queue | Villager (Male) |
| 3:19 | Queue | Villager (Male) |
| 3:20 | Queue | Villager (Male) |
| 3:20 | Queue | Villager (Male) |
| 3:56 | Build | House |
| 4:19 | Build | House |
| 4:31 | Queue | Villager (Male) |
| 4:32 | Queue | Villager (Male) |
| 4:38 | Queue | Villager (Male) |
| 4:47 | Queue | Villager (Male) |
| 5:30 | Build | Mill |
| 5:51 | Research | Loom |
| 6:16 | Research | Feudal Age |
| 6:16 | Research | Feudal Age |
| 6:49 | Build | Barracks |
| 6:51 | Build | Palisade Wall |
| 7:05 | Build | Palisade Wall |
| 7:13 | Build | Palisade Wall |
| 7:34 | Queue | Villager (Male) |
| 7:51 | Build | Palisade Wall |
| 7:54 | Queue | Villager (Male) |
| 8:06 | Build | Palisade Gate |
| 8:08 | Build | Palisade Wall |
| 8:09 | Queue | Villager (Male) |
| 8:26 | Age | Feudal Age |
| 8:31 | Build | Stable |
| 8:43 | Research | Double-Bit Axe |
| 9:12 | Queue | Villager (Male) |
| 9:35 | Queue | Villager (Male) |
| 9:47 | Queue | Scout Cavalry |
| 9:47 | Queue | Scout Cavalry |
| 9:51 | Build | House |
| 10:06 | Build | Farm |
| 10:07 | Build | Farm |
| 10:07 | Build | Farm |
| 10:07 | Build | Farm |
| 10:15 | Queue | Villager (Male) |
| 10:15 | Queue | Villager (Male) |
| 10:34 | Queue | Villager (Male) |
| 10:35 | Build | Farm |
| 10:51 | Build | Farm |
| 10:57 | Queue | Villager (Male) |
| 11:28 | Queue | Villager (Male) |
| 11:33 | Build | Palisade Wall |
| 11:44 | Build | Farm |
| 11:44 | Queue | Villager (Male) |
| 11:54 | Build | House |
| 11:57 | Build | House |
| 12:01 | Build | House |
| 12:06 | Build | Palisade Wall |
| 12:07 | Queue | Villager (Male) |
| 12:13 | Build | Farm |
| 12:16 | Build | Farm |
| 12:30 | Build | Farm |
| 12:39 | Build | Farm |
| 12:48 | Queue | Villager (Male) |
| 12:48 | Queue | Villager (Male) |
| 13:08 | Build | Watch Tower |
| 13:12 | Queue | Villager (Male) |
| 13:17 | Build | Farm |
| 13:22 | Build | Farm |
| 13:24 | Queue | Scout Cavalry |
| 13:49 | Queue | Villager (Male) |
| 13:53 | Build | Farm |
| 14:05 | Build | Farm |
| 14:08 | Build | Farm |
| 14:18 | Queue | Villager (Male) |
| 14:18 | Queue | Villager (Male) |
| 14:19 | Build | Farm |
| 14:30 | Build | Stone Wall |
| 14:40 | Build | Lumber Camp |
| 14:41 | Queue | Villager (Male) |
| 14:41 | Queue | Villager (Male) |
| 14:52 | Build | House |
| 14:56 | Build | Mining Camp |
| 15:01 | Queue | Villager (Male) |
| 15:01 | Queue | Villager (Male) |
| 15:20 | Queue | Villager (Male) |
| 15:20 | Queue | Villager (Male) |
| 15:28 | Queue | Villager (Male) |
| 15:43 | Build | Stone Wall |
| 15:43 | Queue | Villager (Male) |
| 15:47 | Build | Stone Wall |
| 15:57 | Queue | Villager (Male) |
| 16:17 | Build | Stone Wall |
| 16:20 | Queue | Villager (Male) |
| 16:21 | Queue | Villager (Male) |
| 16:27 | Build | Stable |
| 16:34 | Queue | Villager (Male) |
| 16:41 | Build | House |
| 16:44 | Queue | Villager (Male) |
| 16:47 | Queue | Villager (Male) |
| 16:55 | Queue | Villager (Male) |
| 17:07 | Queue | Scout Cavalry |
| 17:18 | Build | House |
| 17:19 | Build | House |
| 17:24 | Queue | Scout Cavalry |
| 17:28 | Queue | Villager (Male) |
| 17:35 | Build | Stone Wall |
| 17:40 | Queue | Scout Cavalry |
| 17:42 | Build | Farm |
| 17:44 | Build | Farm |
| 17:48 | Queue | Scout Cavalry |
| 17:50 | Queue | Villager (Male) |
| 17:59 | Research | Horse Collar |
| 17:59 | Research | Horse Collar |
| 17:59 | Research | Horse Collar |
| 18:19 | Queue | Scout Cavalry |
| 18:24 | Queue | Scout Cavalry |
| 18:39 | Queue | Villager (Male) |
| 18:42 | Queue | Villager (Male) |
| 18:45 | Build | Blacksmith |
| 18:48 | Build | Blacksmith |
| 18:54 | Queue | Villager (Male) |
| 19:01 | Build | Mining Camp |
| 19:01 | Queue | Villager (Male) |
| 19:09 | Build | Watch Tower |
| 19:20 | Queue | Villager (Male) |
| 19:22 | Build | Farm |
| 19:23 | Queue | Villager (Male) |
| 19:26 | Queue | Villager (Male) |
| 19:33 | Queue | Scout Cavalry |
| 20:33 | Build | Market |
| 21:17 | Research | Castle Age |
| 21:57 | Build | Farm |
| 22:47 | Build | Palisade Wall |
| 22:52 | Build | Palisade Wall |
| 23:08 | Build | Stable |
| 23:13 | Build | Blacksmith |
| 23:17 | Research | Town Watch |
| 23:20 | Research | Scale Barding Armor |
| 23:24 | Build | Stable |
| 23:29 | Queue | Villager (Male) |
| 23:53 | Research | Gold Mining |
| 23:59 | Build | Mining Camp |
| 24:04 | Age | Castle Age |
| 24:09 | Queue | Steppe Lancer ×5 |
| 24:10 | Queue | Steppe Lancer ×5 |
Build order — DS_Rene Lavand
First 150 of 219 actions detected
| 0:02 | Queue | Villager (Male) |
| 0:02 | Queue | Villager (Male) |
| 0:02 | Queue | Villager (Male) |
| 0:02 | Queue | Villager (Male) |
| 0:02 | Queue | Villager (Male) |
| 0:03 | Queue | Villager (Male) |
| 0:04 | Build | House |
| 0:05 | Build | House |
| 1:28 | Queue | Villager (Male) |
| 1:28 | Queue | Villager (Male) |
| 1:28 | Queue | Villager (Male) |
| 1:56 | Build | Lumber Camp |
| 2:04 | Queue | Villager (Male) |
| 2:28 | Queue | Villager (Male) |
| 3:06 | Queue | Villager (Male) |
| 3:26 | Queue | Villager (Male) |
| 3:26 | Queue | Villager (Male) |
| 3:40 | Queue | Villager (Male) |
| 4:00 | Queue | Villager (Male) |
| 4:00 | Queue | Villager (Male) |
| 4:10 | Queue | Villager (Male) |
| 4:10 | Queue | Villager (Male) |
| 4:23 | Queue | Villager (Male) |
| 4:24 | Queue | Villager (Male) |
| 4:24 | Queue | Villager (Male) |
| 4:35 | Build | House |
| 4:59 | Queue | Villager (Male) |
| 5:29 | Research | Loom |
| 6:06 | Build | Barracks |
| 6:55 | Build | House |
| 6:58 | Research | Feudal Age |
| 7:10 | Queue | Militia |
| 7:10 | Queue | Militia |
| 7:10 | Queue | Militia |
| 7:10 | Queue | Militia |
| 7:49 | Queue | Militia |
| 8:04 | Queue | Militia |
| 8:41 | Build | Mining Camp |
| 9:11 | Age | Feudal Age |
| 9:24 | Research | Man-at-Arms (upgrade) |
| 9:24 | Research | Man-at-Arms (upgrade) |
| 9:41 | Queue | Villager (Male) |
| 9:42 | Queue | Spearman |
| 9:48 | Build | Palisade Wall |
| 9:49 | Build | Palisade Wall |
| 9:50 | Build | Palisade Wall |
| 9:52 | Build | Palisade Wall |
| 10:00 | Build | Palisade Wall |
| 10:02 | Build | Palisade Wall |
| 10:03 | Build | Palisade Wall |
| 10:10 | Build | Archery Range |
| 10:13 | Queue | Villager (Male) |
| 10:13 | Queue | Villager (Male) |
| 10:13 | Queue | Villager (Male) |
| 10:13 | Queue | Villager (Male) |
| 10:17 | Build | House |
| 10:22 | Build | House |
| 10:27 | Queue | Spearman |
| 10:56 | Queue | Spearman |
| 10:56 | Queue | Militia |
| 10:59 | Queue | Archer |
| 10:59 | Queue | Archer |
| 10:59 | Queue | Archer |
| 11:09 | Build | Palisade Wall |
| 11:11 | Build | Palisade Wall |
| 11:11 | Build | Palisade Wall |
| 11:11 | Build | Palisade Wall |
| 11:11 | Build | Palisade Wall |
| 11:12 | Build | Palisade Wall |
| 11:12 | Build | Palisade Wall |
| 11:12 | Build | Palisade Wall |
| 11:26 | Queue | Archer |
| 11:26 | Queue | Archer |
| 11:38 | Build | Palisade Wall |
| 12:04 | Queue | Archer |
| 12:04 | Queue | Archer |
| 12:05 | Queue | Villager (Male) |
| 12:06 | Queue | Villager (Male) |
| 12:06 | Queue | Villager (Male) |
| 12:06 | Queue | Villager (Male) |
| 12:06 | Queue | Villager (Male) |
| 12:11 | Build | Mill |
| 12:16 | Build | House |
| 12:44 | Build | Watch Tower |
| 12:52 | Queue | Archer |
| 12:52 | Queue | Archer |
| 12:52 | Queue | Archer |
| 12:58 | Build | Farm |
| 12:59 | Build | Farm |
| 12:59 | Build | Farm |
| 12:59 | Build | Farm |
| 13:00 | Build | Farm |
| 13:00 | Build | Farm |
| 13:26 | Queue | Archer |
| 13:27 | Queue | Archer |
| 13:27 | Queue | Archer |
| 14:02 | Queue | Villager (Male) |
| 14:02 | Queue | Villager (Male) |
| 14:03 | Queue | Villager (Male) |
| 14:03 | Queue | Villager (Male) |
| 14:03 | Queue | Villager (Male) |
| 14:05 | Build | Blacksmith |
| 14:19 | Queue | Villager (Male) |
| 14:19 | Queue | Villager (Male) |
| 14:19 | Queue | Villager (Male) |
| 14:22 | Queue | Archer |
| 14:22 | Queue | Archer |
| 14:22 | Queue | Archer |
| 14:22 | Queue | Archer |
| 14:51 | Research | Fletching |
| 14:58 | Build | House |
| 15:01 | Queue | Villager (Male) |
| 15:04 | Queue | Villager (Male) |
| 15:04 | Queue | Villager (Male) |
| 15:04 | Queue | Villager (Male) |
| 15:07 | Build | Farm |
| 15:23 | Queue | Villager (Male) |
| 15:23 | Queue | Villager (Male) |
| 15:23 | Queue | Villager (Male) |
| 15:23 | Queue | Villager (Male) |
| 15:28 | Build | Farm |
| 15:33 | Build | Farm |
| 15:34 | Build | Farm |
| 15:41 | Queue | Villager (Male) |
| 15:41 | Queue | Villager (Male) |
| 15:41 | Queue | Villager (Male) |
| 15:50 | Build | House |
| 15:55 | Queue | Archer |
| 15:55 | Queue | Archer |
| 15:55 | Queue | Archer |
| 16:23 | Build | Mining Camp |
| 16:51 | Queue | Villager (Male) |
| 17:13 | Queue | Villager (Male) |
| 17:17 | Build | Farm |
| 17:24 | Queue | Archer |
| 17:38 | Build | Watch Tower |
| 17:44 | Queue | Archer |
| 17:44 | Queue | Archer |
| 17:44 | Queue | Villager (Male) |
| 17:59 | Build | Farm |
| 18:17 | Queue | Villager (Male) |
| 18:19 | Queue | Archer |
| 18:20 | Queue | Villager (Male) |
| 18:25 | Build | House |
| 18:54 | Build | Palisade Wall |
| 18:54 | Build | Palisade Wall |
| 18:54 | Build | Palisade Wall |
| 18:55 | Build | Palisade Wall |
| 18:55 | Build | Palisade Wall |
| 18:55 | Build | Palisade Wall |
Match timeline
| 6:06 | DS_Rene Lavand · first_building Barracks |
| 6:49 | Rododino · first_building Barracks |
| 6:51 | Rododino · wall_segment Palisade Wall x1 |
| 7:05 | Rododino · wall_segment Palisade Wall x7 |
| 7:13 | Rododino · wall_segment Palisade Wall x7 |
| 7:51 | Rododino · wall_segment Palisade Wall x15 |
| 8:08 | Rododino · wall_segment Palisade Wall x1 |
| 8:26 | Rododino · age_up feudal |
| 8:31 | Rododino · first_building Stable |
| 9:11 | DS_Rene Lavand · age_up feudal |
| 9:48 | DS_Rene Lavand · wall_segment Palisade Wall x1 |
| 9:49 | DS_Rene Lavand · wall_segment Palisade Wall x1 |
| 9:50 | DS_Rene Lavand · wall_segment Palisade Wall x1 |
| 9:52 | DS_Rene Lavand · wall_segment Palisade Wall x1 |
| 10:00 | DS_Rene Lavand · wall_segment Palisade Wall x1 |
| 10:02 | DS_Rene Lavand · wall_segment Palisade Wall x1 |
| 10:03 | DS_Rene Lavand · wall_segment Palisade Wall x1 |
| 10:10 | DS_Rene Lavand · first_building Archery Range |
| 11:09 | DS_Rene Lavand · wall_segment Palisade Wall x1 |
| 11:11 | DS_Rene Lavand · wall_segment Palisade Wall x1 |
| 11:11 | DS_Rene Lavand · wall_segment Palisade Wall x1 |
| 11:11 | DS_Rene Lavand · wall_segment Palisade Wall x1 |
| 11:11 | DS_Rene Lavand · wall_segment Palisade Wall x1 |
| 11:12 | DS_Rene Lavand · wall_segment Palisade Wall x1 |
| 11:12 | DS_Rene Lavand · wall_segment Palisade Wall x1 |
| 11:12 | DS_Rene Lavand · wall_segment Palisade Wall x2 |
| 11:33 | Rododino · wall_segment Palisade Wall x1 |
| 11:38 | DS_Rene Lavand · wall_segment Palisade Wall x1 |
| 12:06 | Rododino · wall_segment Palisade Wall x2 |
| 14:30 | Rododino · wall_segment Stone Wall x3 |
| 15:43 | Rododino · wall_segment Stone Wall x5 |
| 15:47 | Rododino · wall_segment Stone Wall x1 |
| 16:17 | Rododino · wall_segment Stone Wall x8 |
| 17:35 | Rododino · wall_segment Stone Wall x4 |
| 18:54 | DS_Rene Lavand · wall_segment Palisade Wall x1 |
| 18:54 | DS_Rene Lavand · wall_segment Palisade Wall x2 |
| 18:54 | DS_Rene Lavand · wall_segment Palisade Wall x1 |
| 18:55 | DS_Rene Lavand · wall_segment Palisade Wall x2 |
| 18:55 | DS_Rene Lavand · wall_segment Palisade Wall x1 |
| 18:55 | DS_Rene Lavand · wall_segment Palisade Wall x2 |
| 18:56 | DS_Rene Lavand · wall_segment Palisade Wall x1 |
| 18:56 | DS_Rene Lavand · wall_segment Palisade Wall x1 |
| 18:57 | DS_Rene Lavand · wall_segment Palisade Wall x1 |
| 20:34 | DS_Rene Lavand · wall_segment Palisade Wall x1 |
| 20:35 | DS_Rene Lavand · wall_segment Palisade Wall x1 |
| 20:38 | DS_Rene Lavand · wall_segment Palisade Wall x1 |
| 20:47 | DS_Rene Lavand · wall_segment Palisade Wall x1 |
| 20:49 | DS_Rene Lavand · wall_segment Palisade Wall x1 |
| 21:25 | DS_Rene Lavand · wall_segment Palisade Wall x1 |
| 22:31 | DS_Rene Lavand · wall_segment Palisade Wall x1 |
| 22:47 | Rododino · wall_segment Palisade Wall x2 |
| 22:51 | DS_Rene Lavand · age_up castle |
| 22:52 | Rododino · wall_segment Palisade Wall x1 |
| 24:04 | Rododino · age_up castle |
| 24:19 | Rododino · first_market_buy 100 food |
| 24:41 | DS_Rene Lavand · first_building Siege Workshop |
| 24:43 | Rododino · first_building Castle |
| 25:06 | DS_Rene Lavand · wall_segment Palisade Wall x1 |
| 25:08 | DS_Rene Lavand · wall_segment Palisade Wall x1 |
| 25:10 | DS_Rene Lavand · wall_segment Palisade Wall x1 |
| 25:15 | Rododino · first_market_sell 100 wood |
| 26:46 | DS_Rene Lavand · first_building Monastery |
| 27:27 | DS_Rene Lavand · wall_segment Stone Wall x1 |
| 28:30 | Rododino · wall_segment Stone Wall x1 |
| 30:09 | Rododino · wall_segment Stone Wall x1 |
| 30:16 | DS_Rene Lavand · resign |
[ AI ANALYSIS · 1 CREDIT ]
What really happened in this match?
Wolo.gg analyzes every decision: build order, eco, micro, common mistakes by bracket. Personalized analysis on WhatsApp or Discord in 30 seconds.
Civ guide
Mongols
Perfil
Jugador #5686200